 Dungeon Crawl Stone Soup version 0.28-a0-519-gbfeecf2fc5 (webtiles) character file.

Game seed: 11133400248983904958

3913 speeev33 the Protected (level 10, -2/92 HPs)
             Began as a Minotaur Fighter on Sept 24, 2021.
             Was a Believer of Okawaru.
             Slain by a killer bee (3 damage)
             ... on level 9 of the Dungeon.
             The game lasted 00:14:02 (7900 turns).

speeev33 the Protected (Minotaur Fighter)           Turns: 7900, Time: 00:14:02

Health: -2/92      AC: 19    Str: 30    XL:     10   Next: 1%
Magic:  10/12      EV: 10    Int:  5    God:    Okawaru [**....]
Gold:   373        SH:  0    Dex: 10    Spells: 9/9 levels left

rFire   + . .      SeeInvis .   o - +5 flail (protect)
rCold   . . .      Faith    .   c - +0 buckler
rNeg    . . .      Spirit   .   v - +6 scale mail of Squeaky Joy {+Blink rPois rCorr}
rPois   +          Reflect  .   (helmet restricted)
rElec   .          Harm     .   s - +2 cloak {rCorr}
rCorr   +          Rampage  .   q - +0 pair of gloves
Will    .....                   (no boots)
Stlth   ..........              (no amulet)
HPRegen 0.25/turn               k - ring of protection from fire
MPRegen 0.13/turn               r - +6 ring of strength

@: confused
A: horns 2, retaliatory headbutt
a: Renounce Religion, Evoke Blink, Heroism


You were on level 9 of the Dungeon.
You worshipped Okawaru.
Okawaru was pleased with you.
You visited 2 branches of the dungeon, and saw 10 of its levels.

You collected 535 gold pieces.
You spent 162 gold pieces at shops.

Inventory:

Hand Weapons
 a - a +1 long sword
 o - a +5 flail of protection (weapon)
Armour
 c - a +0 buckler (worn)
 j - a +0 plate armour
 q - a +0 pair of gloves (worn)
 s - a +2 cloak of preservation (worn)
 v - the +6 scale mail of Squeaky Joy (worn) {+Blink rPois rCorr}
   (You bought it in a shop on level 5 of the Dungeon)

   rPois:     It protects you from poison.
   +Blink:    It lets you blink.
   rCorr:     It protects you from acid and corrosion.
Jewellery
 k - a ring of protection from fire (left hand)
 p - a ring of magical power
 r - a +6 ring of strength (right hand)
 x - a +6 ring of dexterity
 z - a +6 ring of dexterity
Wands
 m - a wand of polymorph (12)
 y - a wand of iceblast (6)
 E - a wand of flame (13)
Scrolls
 d - a scroll of teleportation
 l - 3 scrolls of amnesia
 w - a scroll of silence
 B - a scroll of identify
 C - a scroll of torment {unknown}
Potions
 b - 2 potions of flight
 e - 5 potions of curing
 f - 3 potions of brilliance
 g - 2 potions of resistance {unknown}
 h - 3 potions of degeneration {unknown}
 n - 2 potions of attraction {unknown}
 t - a potion of heal wounds {unknown}
 u - a potion of berserk rage {unknown}
 A - a potion of cancellation {unknown}
 D - a potion of invisibility {unknown}


   Skills:
 + Level 9.7 Fighting
 - Level 7.4 Long Blades
 + Level 5.4 Maces & Flails
 + Level 9.8 Armour
 - Level 4.0 Shields
 + Level 4.0 Invocations
 + Level 3.6 Evocations


You had 9 spell levels left.
You didn't know any spells.
Your spell library contained the following spells:

 Spells                   Type           Power      Damage    Failure   Level
 Ensorcelled Hibernation  Hex/Ice        0%         N/A       82%         2
 Spider Form              Tmut/Pois      0%         N/A       96%         3
 Storm Form               Tmut/Air       0%         N/A       100%        7
 Maxwell's Capacitive Co  Air            0%         ∞         100%        8
 Tukima's Dance           Hex            Unusable   N/A       N/A         3
 Summon Lightning Spire   Summ/Air       Unusable   N/A       N/A         4

Dungeon Overview and Level Annotations

Branches:
Dungeon (9/15)             Temple (1/1) D:5
   Lair: D:8-11         Orc: D:9-12

Altars:
Ashenzari
Cheibriados
Elyvilon
Makhleb
Okawaru
Sif Muna
Trog
Wu Jian
Xom
The Shining One

Shops:
D:5 *

Annotations:
D:5 1 runed translucent door, Blork the orc, Crazy Yiuf
D:9 Erica


Innate Abilities, Weirdness & Mutations

You have a pair of horns on your head.
You reflexively headbutt those who attack you in melee.


Message History

The bullfrog completely misses you.
You thump the bullfrog!
You kill the bullfrog!
Okawaru accepts your kill.
The water moccasin bites you but does no damage.
You bludgeon the water moccasin!!
Your headbutt misses the water moccasin.
The water moccasin is severely wounded.
The water moccasin bites you.
* * * LOW HITPOINT WARNING * * *
You sock the water moccasin!
You kill the water moccasin!
Okawaru accepts your kill.
Your Invocations skill increases to level 4!
You have reached level 10!
You start resting.
Erica is nearby!
A killer bee comes into view.
The killer bee buzzes angrily.
You hear an angry buzzing noise. x2
A killer bee comes into view. x2
Erica points at you and mumbles some strange words.
You are confused.
The killer bee moves out of view.
A killer bee comes into view.
The killer bee buzzes angrily.
You bump into the rock wall.
A killer bee comes into view. x2
You bump into the rock wall.
The killer bee barely misses you. Erica casts a spell at you.
The lance of force hits you!
* * * LOW HITPOINT WARNING * * *
You are knocked back by the lance of force.
Unknown command.
The killer bee stings you but does no damage.
Erica mumbles some strange words.
Erica flickers and vanishes!
The killer bee stings you but does no damage.
The killer bee stings you.
You die...

#. ..###. #. #+##......
#. ..........+ #.
#.........####+##.
#.................
#.................
+.................
#@y............... .
#yy..###..........
...#yy..# #..........
#y........###..........
............{...........
########################


You could see 5 killer bees.

Vanquished Creatures
  A tengu warrior (D:9)
  Pikel (D:7)
  A shadow (D:8)
  Edmund (D:4)
  4 water moccasins
  2 orc warriors
  A black bear (D:5)
  2 necrophages
  A sky beast (D:7)
  2 centaurs
  2 bullfrogs
  2 scorpions (D:4)
  7 killer bees
  A water moccasin skeleton (D:5)
  2 centaur zombies
  6 hounds
  2 jellies
  2 bullfrog skeletons
  A gnoll shaman (D:5)
  Natasha (thrice) (D:3)
  5 iguanas
  3 orc wizards
  Robin (D:3)
  A howler monkey skeleton (D:6)
  5 gnolls (D:5)
  7 adders
  2 white imps
  2 ufetubi (D:4)
  A dart slug (D:2)
  18 orcs
  4 bats
  5 endoplasms
  4 giant cockroaches
  16 goblins
  9 hobgoblins
  2 jackals (D:2)
  6 kobolds
  5 quokkas
  8 ball pythons
  7 frilled lizards
  6 rats
161 creatures vanquished.

Vanquished Creatures (others)
  4 plants (D:2)
4 creatures vanquished.

Grand Total: 165 creatures vanquished

Notes
Turn   | Place    | Note
-------+----------+-------------------------------------------
     0 | D:1      | speeev33 the Minotaur Fighter began the quest for the Orb.
     0 | D:1      | Reached XP level 1. HP: 19/19 MP: 0/0
   281 | D:1      | Reached XP level 2. HP: 27/27 MP: 1/1
   527 | D:1      | Found a faded altar of an unknown god.
   706 | D:2      | Reached XP level 3. HP: 33/33 MP: 2/2
   821 | D:2      | Found an ornate altar of the Wu Jian Council.
  1857 | D:3      | Reached XP level 4. HP: 41/41 MP: 3/3
  1899 | D:3      | Noticed Natasha
  1907 | D:3      | Killed Natasha
  2162 | D:3      | Noticed Robin
  2171 | D:3      | Killed Robin
  2172 | D:3      | Reached XP level 5. HP: 45/47 MP: 4/4
  2182 | D:3      | Reached skill level 5 in Fighting
  2212 | D:3      | Reached skill level 5 in Armour
  2295 | D:3      | Noticed Natasha
  2301 | D:3      | Killed Natasha
  2308 | D:3      | Noticed Natasha
  2320 | D:3      | Killed Natasha
  2710 | D:3      | Found a bloodstained altar of Trog.
  2710 | D:3      | Found a shimmering altar of Xom.
  2710 | D:3      | Found a broken altar of Ashenzari.
  2997 | D:4      | Reached XP level 6. HP: 56/56 MP: 5/5
  3047 | D:4      | Noticed an orc warrior
  3051 | D:4      | Killed an orc warrior
  3052 | D:4      | Reached skill level 5 in Long Blades
  3115 | D:4      | Reached XP level 7. HP: 59/63 MP: 6/6
  3144 | D:4      | Noticed Edmund
  3158 | D:4      | Killed Edmund
  3361 | D:4      | You fall into a shaft and drop 3 floors!
  3656 | D:5      | Entered Level 5 of the Dungeon
  3715 | D:4      | Reached XP level 8. HP: 70/73 MP: 7/7
  4349 | D:5      | Found a white marble altar of Elyvilon.
  4524 | D:5      | Noticed Sigmund
  4525 | D:5      | Noticed Sigmund
  4525 | D:5      | Sigmund changed into Sigmund the bullfrog
  4529 | D:5      | Killed Sigmund the bullfrog
  4530 | D:5      | Reached skill level 1 in Maces & Flails
  4535 | D:5      | Found a staircase to the Ecumenical Temple.
  4548 | D:5      | Identified a scroll of acquirement
  4548 | D:5      | Acquired a +2 cloak of preservation
  4719 | Temple   | Entered the Ecumenical Temple
  4730 | Temple   | Became a worshipper of Warmaster Okawaru
  4917 | D:5      | Found a runed translucent door.
  4917 | D:5      | Noticed Blork the orc
  4918 | D:5      | Noticed Crazy Yiuf
  5149 | D:5      | Found Neuser's Assorted Antiques.
  5157 | D:5      | Bought a shimmering scale mail for 162 gold pieces
  5157 | D:5      | Identified the +6 scale mail of Squeaky Joy {+Blink rPois
                  | rCorr} (You bought it in a shop on level 5 of the Dungeon)
  5924 | D:6      | Reached skill level 1 in Invocations
  5924 | D:6      | Reached skill level 1 in Evocations
  6152 | D:7      | Reached * piety under Okawaru
  6159 | D:7      | Reached XP level 9. HP: 78/82 MP: 9/9
  6296 | D:7      | Identified the +3 leather armour "Ulokhluis" {rPois Dex+4}
  6386 | D:7      | Noticed Pikel
  6408 | D:7      | Killed Pikel
  6720 | D:8      | Reached ** piety under Okawaru
  7165 | D:8      | Found a snail-covered altar of Cheibriados.
  7425 | D:9      | Noticed Erica
  7467 | D:9      | HP: 1/84 [yak (4)]
  7542 | D:9      | Noticed a tengu warrior
  7827 | D:9      | Killed a tengu warrior
  7827 | D:9      | HP: 4/84 [Erica/lance of force (15)]
  7828 | D:9      | Reached skill level 5 in Maces & Flails
  7833 | D:9      | HP: 4/85 [Erica/bolt of poison (2)]
  7894 | D:9      | Reached XP level 10. HP: 10/92 MP: 10/12
  7898 | D:9      | HP: 1/92 [Erica/lance of force (11)]
  7900 | D:9      | Slain by a killer bee

Illustrated notes

Levels and vault maps discovered:
D:1:      tarquinn_simple_flora_water_d, layout_basic,
          hellmonk_ecumenical_altar_lost_god
D:2:      minmay_spotlight, layout_loops_ring, basic_altar, serial_forest,
          infiniplex_forest_lined_1, infiniplex_forest_lined_1,
          infiniplex_forest_corner_1, infiniplex_forest_end_3,
          infiniplex_forest_clump_small, infiniplex_forest_end_double,
          infiniplex_forest_lined_2, infiniplex_forest_clump_long
D:3:      layout_basic, gammafunk_temple_overflow_claw, uniq_natasha, uniq_robin
D:4:      layout_basic, serial_park_tiny_1, uniq_edmund
D:5:      layout_basic, mainiacjoe_overflow_concentric_impassable,
          minmay_temple_entry_steel_oval, serial_shops, nicolae_shop_stone,
          kennysheep_generic_room_6, uniq_crazy_yiuf_cottage, uniq_sigmund,
          uniq_blork_the_orc
D:6:      layout_basic
D:7:      layout_rooms, nicolae_lava_and_water, uniq_pikel
D:8:      layout_gridville, lemuel_coloured_pillars_altar
D:9:      layout_stronghold, grunt_ministairs_2, dk_vineyard_2, uniq_erica,
          uniq_maurice
Temple:   eino_temple_scatter_basement

Skill      XL: |  1  2  3  4  5  6  7  8  9 |
---------------+----------------------------+-----
Shields        | 4 |  4.0
Armour         | 4 5 6 7 8 9 |  9.8
Fighting       | 4 5 6 7 8 9 |  9.7
Long Blades    | 3 4 5 6 7 |  7.4
Maces & Flails | 3 5 |  5.4
Invocations    | 1 4 |  4.0
Evocations     | 1 3 |  3.6

Action                   |  1- 3 |  4- 6 |  7- 9 | 10-12 || total
-------------------------+-------+-------+-------+-------++-------
Melee: Long sword        |    95 |   122 |    16 |       ||   233
       Headbutt          |    10 |    21 |    51 |       ||    82
       Flail             |       |       |   206 |       ||   206
Invok: Heroism           |       |       |     3 |       ||     3
Evoke: Wand              |       |       |     1 |       ||     1
  Use: Scroll            |     2 |     3 |     8 |       ||    13
       Potion            |     1 |     1 |     3 |       ||     5
Armor: Scale mail        |    43 |       |   147 |     2 ||   192
       Plate armour      |     3 |    74 |    13 |       ||    90
       Chain mail        |       |       |    78 |       ||    78
Dodge: Dodged            |    44 |    19 |   162 |     1 ||   226
Block: Buckler           |    18 |    19 |    68 |       ||   105

Table legend: (Time is in decaauts)
 A = Elapsed time spent in this place.
 B = Non-inter-level travel time spent in this place.
 C = Inter-level travel time spent in this place.
 D = Time resting spent in this place.
 E = Time spent auto-exploring this place.
 F = Levels seen in this place.
 G = Mean time per level.
                   A        B        C        D        E       F      G
               +--------+--------+--------+--------+--------+-----+--------+
         Total |   8015 |   7635 |    380 |   1636 |   4143 |  10 |  801.5 |
       Dungeon |   7995 |   7623 |    372 |   1636 |   4142 |   9 |  888.3 |
        Temple |     20 |     12 |      8 |      0 |      1 |   1 |   20.0 |
               +--------+--------+--------+--------+--------+-----+--------+

Top non-repeatable levels by time:
     D:3: 1203 daAuts
     D:2: 1166 daAuts
     D:5: 1126 daAuts
     D:6: 1041 daAuts
     D:4: 983 daAuts
     D:8: 715 daAuts
     D:1: 684 daAuts
     D:7: 586 daAuts
     D:9: 487 daAuts
  Temple: 20 daAuts
